 Dungeon Crawl Stone Soup version 0.31-a0-1570-g93c622d222 (webtiles) character file.

Game seed: 5079769772046765486

747 MackTheKnife the Grappler (level 7, -3/66 HPs)
             Began as a Troll Fighter on Jan 3, 2024.
             Splashed by a jelly's acid (8 damage)
             ... on level 5 of the Dungeon.
             The game lasted 00:02:32 (1477 turns).

MackTheKnife the Grappler (Troll Fighter)           Turns: 1477, Time: 00:02:32

Health: -3/66      AC: -8    Str: 25    XL:     7   Next: 48%
Magic:  6/6        EV:  9    Int:  4    God:
Gold:   100        SH:  8    Dex: 11    Spells: 6/6 levels left

rFire   . .          .
                       - Unarmed
rCold   . . .        b - +0 kite shield
rNeg    . . .        a - +0 robe
rPois   .            (helmet restricted)
rElec   .            (no cloak)
rCorr   .            (gloves unavailable)
SInv    .            (boots unavailable)
Will    .....        (no amulet)
Stlth   +            (no ring)
HPRegen 1.11/turn    (no ring)
MPRegen 0.10/turn

%: no passive effects
@: corroded
A: large, unfitting armour, claws 3, regeneration 1, shaggy fur 1, tough skin 1
a: no special abilities


You were on level 5 of the Dungeon.
You visited 1 branch of the dungeon, and saw 5 of its levels.

You collected 100 gold pieces.


Innate Abilities, Weirdness & Mutations

You are too large for most types of armour.
You have claws for hands.
Your natural rate of healing is unusually fast.
You are covered in fur. (AC +1)
You have tough skin. (AC +1)


   Skills:
 - Level 2.4 Fighting
 - Level 2.4 Dodging
 - Level 2.6 Shields
 + Level 8.6 Unarmed Combat


You had 6 spell levels left.
You didn't know any spells.
Your spell library was empty.

Inventory:

Armour
 a - a +0 robe (worn)
 b - a +0 kite shield (worn)
Wands
 o - a wand of charming (1)
   (You found it on level 4 of the Dungeon)
Scrolls
 d - a scroll of acquirement {unknown}
 f - 4 scrolls of teleportation {unknown}
 h - 2 scrolls of enchant weapon {unknown}
 l - a scroll of enchant armour {unknown}
 n - 2 scrolls of fog {unknown}
 p - 2 scrolls of blinking {unknown}
Potions
 c - 3 potions of might
 e - a potion of degeneration {unknown}
 g - 2 potions of mutation {unknown}
 i - a potion of resistance {unknown}
 j - a potion of lignification {unknown}
 k - a potion of curing {unknown}
 m - a potion of berserk rage {unknown}

Dungeon Overview and Level Annotations

Branches:
Dungeon (5/15) Zot: 26946
 Temple: D:4-7

Altars:
Kikubaaqudgha
Trog

##.<).# #.<...#
#..)..#
######....#
##...##....#
#....##....#
#....##†...##.
#...............
#.@.............
#>J.............
##.#..#..#..#...
...#############
#.... #....#
#....# #....#
.##


You could see a jelly.


Message History

😕 HP[+1] No target in view!
No target in view!
A black bear comes into view.
The black bear moves out of view.
Things that are here:
a +0 club {mace}; a gnoll corpse; 😕 HP[+1] 😕 HP[+1] 😎 HP[+1]
Your hp is fully restored (66).
Found a stone staircase leading down.
You hear a distant slurping noise.
A jelly comes into view.
The black bear bites you!
The black bear claws you but does no damage.
You block the black bear's attack. 😕 HP[-7]
You take 7 damage, and now have 59/66 hp.
You claw the black bear!
The black bear bites you but does no damage.
The black bear claws you but does no damage.
The black bear claws you.
You claw the black bear! You block the black bear's attack.
The black bear claws you. x2 😕 HP[-4]
You take 4 damage, and now have 55/66 hp.
You mangle the black bear!!
You kill the black bear! 😕 HP[+1]
The jelly misses you.
You see here a black bear corpse. 😕 HP[+1]
You scratch the jelly. The acid corrodes you!
Your claws burn!
The jelly hits you. The acid corrodes you!
You are splashed with acid! 😮 HP[-10]
You take 10 damage, and now have 47/66 hp.
You are too injured to fight recklessly!
You are too injured to fight recklessly!
You are too injured to fight recklessly!
Unknown command.
You claw the jelly!
Your claws burn!
The jelly hits you. The acid corrodes you!
You are splashed with acid!
* * * LOW HITPOINT WARNING * * *
😨 HP[-15]
You take 15 damage, and now have 32/66 hp.
MASSIVE DAMAGE!! (PAUSE)
You claw the jelly!
You kill the jelly! 😨 HP[+1] Unknown command. 😮 HP[+1] 😮 HP[+1] 😮 HP[+1] 😮 HP[+1]
A jelly comes into view.
You see here 19 gold pieces. 😮 HP[+1] 😮 HP[+2]
You regained 2 hp, and now have 40/66 hp.
There is a stone staircase leading down here. 😮 HP[+1]
The jelly quivers. 😮 HP[+1]
There are no items here.
You see here 19 gold pieces. 😮 HP[+1]
You now have 100 gold pieces (gained 19). 😮 HP[+1]
The jelly hits you. The acid corrodes you!
You are splashed with acid!
* * * LOW HITPOINT WARNING * * *
😨 HP[-11]
You take 11 damage, and now have 33/66 hp.
You scratch the jelly.
Your claws burn!
* * * LOW HITPOINT WARNING * * *
The jelly hits you.
* * * LOW HITPOINT WARNING * * *
You are splashed with acid!
* * * LOW HITPOINT WARNING * * *
😨 HP[-14]
You take 14 damage, and now have 19/66 hp.
MASSIVE DAMAGE!! (PAUSE)
You scratch the jelly.
Your claws burn!
* * * LOW HITPOINT WARNING * * *
You scratch the jelly.
Your claws burn!
* * * LOW HITPOINT WARNING * * *
The jelly closely misses you.
Unknown command.
You completely miss the jelly. The jelly hits you.
* * * LOW HITPOINT WARNING * * *
You are splashed with acid!
* * * LOW HITPOINT WARNING * * *
😱 HP[-7]
You take 7 damage, and now have 12/66 hp.
Unknown command.
You scratch the jelly but do no damage.
Your claws burn!
* * * LOW HITPOINT WARNING * * *
The jelly hits you.
* * * LOW HITPOINT WARNING * * *
You are splashed with acid!
You die...

Skill      XL: |  1  2  3  4  5  6  7 |
---------------+----------------------+-----
Unarmed Combat | 3 4 5 6 7 8 |  8.6
Fighting       | |  2.4
Dodging        | |  2.4
Shields        | |  2.6

Action                     |  1- 3 |  4- 6 |  7- 9 || total
---------------------------+-------+-------+-------++-------
  Melee: Unarmed           |    62 |    89 |    16 ||   167
   Stab: Sleeping          |     1 |     1 |       ||     2
 Armour: Robe              |    38 |    45 |    16 ||    99
  Dodge: Dodged            |    19 |    39 |     4 ||    62
  Block: Kite shield       |    21 |    30 |     3 ||    54

Levels and vault maps discovered:
D:1:      amcnicky_arrival_double_pillar, layout_basic
D:2:      layout_basic, dreamdust_ecumenical_altar_angels_and_demons
D:3:      layout_loops_cross, led_xom_imps, vehumet_crystals,
          minmay_misc_feat_rugged, patterned_corridor
D:4:      layout_loops_ring, lemuel_mausoleum_altar_kikubaaqudgha,
          trog_butcher_becter, hangedman_decor_points
D:5:      layout_gridville, nicolae_qazlal_general_emergency, temple_fountains

Notes
Turn   | Place    | Note
-------+----------+-------------------------------------------
     0 | D:1      | MackTheKnife the Troll Fighter began the quest for the Orb.
     0 | D:1      | Reached XP level 1. HP: 22/22 MP: 0/0
     0 | D:1      | magus.rc [v1.9.6]
   150 | D:1      | Reached XP level 2. HP: 26/29 MP: 1/1
   240 | D:2      | Reached skill level 3 in Unarmed Combat
   363 | D:2      | Reached XP level 3. HP: 36/36 MP: 2/2
   556 | D:3      | Reached skill level 4 in Unarmed Combat
   565 | D:3      | Reached XP level 4. HP: 29/44 MP: 3/3
   617 | D:4      | Reached skill level 5 in Unarmed Combat
   820 | D:4      | Reached XP level 5. HP: 50/50 MP: 4/4
   833 | D:4      | Found an ancient bone altar of Kikubaaqudgha.
   841 | D:4      | Reached skill level 6 in Unarmed Combat
   847 | D:4      | Reached XP level 6. HP: 59/59 MP: 5/5
   873 | D:4      | Reached skill level 7 in Unarmed Combat
  1119 | D:4      | Found a bloodstained altar of Trog.
  1424 | D:5      | Entered Level 5 of the Dungeon
  1438 | D:4      | Reached XP level 7. HP: 53/66 MP: 6/6
  1440 | D:4      | Reached skill level 8 in Unarmed Combat
  1476 | D:5      | HP: 12/66 [acid (7)]
  1477 | D:5      | HP: 5/66 [jelly (3)]
  1477 | D:5      | Splashed by a jelly's acid

Vanquished Creatures
  2 black bears
  3 necrophages (D:4)
  A centaur zombie (D:4)
  A human zombie (D:4)
  A jelly (D:5)
  2 hounds
  A bullfrog skeleton (D:4)
  An iguana (D:4)
  A hound skeleton (D:4)
  7 gnolls
  4 adders
  A shadow imp (D:4)
  An adder skeleton (D:4)
  3 adder zombies (D:4)
  A ribbon worm (D:2)
  A dart slug (D:1)
  2 orcs (D:4)
  3 endoplasms
  2 giant cockroaches
  A goblin (D:2)
  A hobgoblin (D:4)
  2 jackals (D:4)
  A quokka (D:4)
  3 ball pythons
  2 bats
  2 frilled lizards
  6 kobolds
  2 rats
58 creatures vanquished.

Table legend:
 A = Non-vault XP
 B = Vault XP
 C = Vault XP percentage of total XP
 D = Non-vault monster count
 E = Vault monster count
 F = Vault count percentage of total count
                 A         B        C        D         E       F
            +---------+---------+-------+---------+---------+-------
      Total |     625 |     443 |  41.5 |      42 |      16 |  27.6
            +---------+---------+-------+---------+---------+-------
        D:1 |      18 |       0 |   0.0 |      10 |       0 |   0.0
        D:2 |      30 |       0 |   0.0 |       9 |       0 |   0.0
        D:3 |      85 |       0 |   0.0 |       7 |       0 |   0.0
        D:4 |     247 |     443 |  64.2 |      11 |      16 |  59.3
        D:5 |     245 |       0 |   0.0 |       5 |       0 |   0.0
            +---------+---------+-------+---------+---------+-------

Skill      XL: |  1  2  3  4  5  6  7 |
---------------+----------------------+-----
Unarmed Combat | 3 4 5 6 7 8 |  8.6
Fighting       | |  2.4
Dodging        | |  2.4
Shields        | |  2.6

Action                     |  1- 3 |  4- 6 |  7- 9 || total
---------------------------+-------+-------+-------++-------
  Melee: Unarmed           |    62 |    89 |    16 ||   167
   Stab: Sleeping          |     1 |     1 |       ||     2
 Armour: Robe              |    38 |    45 |    16 ||    99
  Dodge: Dodged            |    19 |    39 |     4 ||    62
  Block: Kite shield       |    21 |    30 |     3 ||    54

Illustrated notes

Table legend:
 A = Kills in this place as a percentage of kills in the entire game.
 B = Kills by you in this place as a percentage of kills by you in the entire game.
 C = Kills by friends in this place as a percentage of kills by friends in the entire game.
 D = Other kills in this place as a percentage of other kills in the entire game.
 E = Experience gained in this place as a percentage of experience gained in the entire game.
 F = Experience gained in this place divided by the number of levels of this place that you have seen.
                   A       B       C       D       E      F
               +-------+-------+-------+-------+-------+----------------------
         Total | 100.0 | 100.0 |   N/A |   N/A | 100.0 | 213.6
       Dungeon | 100.0 | 100.0 |   N/A |   N/A | 100.0 | 213.6
               +-------+-------+-------+-------+-------+----------------------

Table legend: (Time is in decaauts)
 A = Elapsed time spent in this place.
 B = Non-inter-level travel time spent in this place.
 C = Inter-level travel time spent in this place.
 D = Time resting spent in this place.
 E = Time spent auto-exploring this place.
 F = Levels seen in this place.
 G = Mean time per level.
                   A        B        C        D        E       F      G
               +--------+--------+--------+--------+--------+-----+--------+
         Total |   1481 |   1377 |    104 |      0 |    822 |   5 |  296.2 |
       Dungeon |   1481 |   1377 |    104 |      0 |    822 |   5 |  296.2 |
               +--------+--------+--------+--------+--------+-----+--------+

Top non-repeatable levels by time:
     D:4: 828 daAuts
     D:2: 281 daAuts
     D:1: 213 daAuts
     D:3: 117 daAuts
     D:5: 40 daAuts
